 Dungeon Crawl Stone Soup version 0.31.0-11-ge490571c62 (webtiles) character file.

Game seed: 12957826762155593677

357 qw the Ducker (level 6, 0/30 HPs)
             Began as a Spriggan Hunter on Feb 4, 2024.
             Slain by Dowan
             ... wielding a +0 dagger
              (4 damage)
             ... on level 4 of the Dungeon.
             The game lasted 00:00:11 (2469 turns).

qw the Ducker (Spriggan Hunter)                     Turns: 2469, Time: 00:00:11

Health: 0/30       AC:  2    Str:  7    XL:     6   Next: 37%
Magic:  7/7        EV: 22    Int: 10    God:
Gold:   217        SH:  5    Dex: 21    Spells: 5/5 levels left

rFire   . . .        a - +1 shortbow
rCold   . . .        (shield currently unavailable)
rNeg    . . .        c - +0 robe
rPois   .            (helmet restricted)
rElec   .            (no cloak)
rCorr   .            (gloves unavailable)
SInv    +            (boots unavailable)
Will    +....        g - amulet of reflection
Stlth   ++           (no ring)
HPRegen 0.25/turn    (no ring)
MPRegen 0.10/turn

%: reflection
@: lethally poisoned (0 -> -3), very quick
A: very small, no large weapons, unfitting armour, see invisible, speed 3
a: no special abilities


You were on level 4 of the Dungeon.
You visited 1 branch of the dungeon, and saw 4 of its levels.

You collected 217 gold pieces.


Innate Abilities, Weirdness & Mutations

You are very small and have problems with some larger weapons.
You are too small for most types of armour.
You have supernaturally acute eyesight. (SInv)
You cover ground extremely quickly. (Speed+++)


   Skills:
 - Level 2.0 Fighting
 + Level 6.0 Ranged Weapons
 - Level 6.4 Dodging
 - Level 1.5 Stealth


You had 5 spell levels left.
You didn't know any spells.
Your spell library was empty.

Inventory:

Hand Weapons
 a - a +1 shortbow (weapon)
Armour
 c - a +0 robe (worn)
Jewellery
 g - an amulet of reflection (around neck)
Wands
 h - a wand of flame (9)
Scrolls
 b - a scroll of vulnerability {unknown}
 i - a scroll of enchant armour
Potions
 e - a potion of resistance
 f - a potion of haste {unknown}

Dungeon Overview and Level Annotations

Branches:
Dungeon (4/15)
 Temple: D:4-7

Altars:
Elyvilon

Annotations:
D:3 1 runed translucent door, qw's ghost, amateur DEHu
D:4 Dowan


Message History

Aiming: Throw Flame
Press: ? - help, Q - select action, (/) - cycle Shift-Dir - straight line, f/p - Duvessa The puff of flame hits Duvessa!
Duvessa is almost dead.
You block Dowan's attack.
Duvessa hits you with a +1 rapier of venom.
You are poisoned.
2464 ||| ZAPPING wand of flame (11) at 0,-1 (Duvessa; floor).
Aiming: Throw Flame
Press: ? - help, Q - select action, (/) - cycle Shift-Dir - straight line, f/p - Duvessa The puff of flame hits Duvessa.
Duvessa is almost dead.
You feel very sick. Duvessa misses you.
Dowan casts a spell at Duvessa.
Duvessa seems to speed up.
Enter note:
Enter note:
2465 ||| RETREEEEATING.
You feel sick.
2466 ||| ZAPPING wand of flame (10) at 0,-1 (Duvessa; floor).
Aiming: Throw Flame
Press: ? - help, Q - select action, (/) - cycle Shift-Dir - straight line, f/p - Duvessa The puff of flame hits Duvessa.
You kill Duvessa!
Dowan screams, "No!
Oh no!"
Dowan seems to find hidden reserves of power!
You feel very sick. Dowan closely misses you.
Your Dodging skill increases to level 6!
You have reached level 6!
You shoot an arrow. The arrow hits Dowan.
Dowan is moderately wounded.
You feel sick. You block Dowan's attack.
You shoot an arrow. The arrow hits Dowan!
Dowan is severely wounded.
You feel sick. Dowan hits you with a +0 dagger. Dowan misses you.
You shoot an arrow. The arrow barely misses Dowan.
You feel sick. Dowan hits you with a +0 dagger.
You die...

+# .# #.# ##.##
##...##
#######.....#
............#####
#e#........
#@#.....##
#........#
###.>...## #....##
#####.#.##
#......## #.###..#
###########.###..#
#................#


You could see Dowan (fast).

Vanquished Creatures
  Duvessa (D:4)
  Natasha (thrice) (D:3)
  3 gnolls (D:4)
  6 adders
  A dart slug (D:1)
  A ribbon worm (D:2)
  An orc (D:3)
  8 bats
  10 endoplasms
  19 giant cockroaches
  7 goblins
  5 hobgoblins
  12 kobolds
  3 quokkas
  8 ball pythons
  3 frilled lizards
  2 rats
93 creatures vanquished.

Notes
Turn   | Place    | Note
-------+----------+-------------------------------------------
     0 | D:1      | qw the Spriggan Hunter began the quest for the Orb.
     0 | D:1      | Reached XP level 1. HP: 10/10 MP: 2/2
     0 | D:1      | 0 ||| qw: Version: 0.3-a-160-g6735b56
     0 | D:1      | 0 ||| qw: Game counter: 5586
     0 | D:1      | 0 ||| qw: Melee chars always use a shield: true
     0 | D:1      | 0 ||| qw: God list: Okawaru
     0 | D:1      | 0 ||| qw: Allow faded altars: false
     0 | D:1      | 0 ||| qw: Do Orc after clearing Dungeon:15 true
     0 | D:1      | 0 ||| qw: Do second Lair branch before Depths: true
     0 | D:1      | 0 ||| qw: Lair rune preference: random
     0 | D:1      | 0 ||| qw: Goals: Normal
     0 | D:1      | 0 ||| PLANNING D:1-11
    15 | D:1      | Noticed a formicid
    15 | D:1      | Noticed a troll
    19 | D:1      | Noticed a troll
    21 | D:1      | Noticed a minotaur
    52 | D:1      | Reached skill level 3 in Dodging
   111 | D:1      | Reached XP level 2. HP: 14/14 MP: 3/3
   223 | D:1      | Found a faded altar of an unknown god.
   392 | D:1      | Reached XP level 3. HP: 18/18 MP: 4/4
   697 | D:1      | 697 ||| READING 2 scrolls labelled SIOVUACUPH.
   698 | D:1      | 698 ||| DRINKING 2 blue potions.
   699 | D:1      | 699 ||| DROPPING scroll of butterflies.
   700 | D:1      | 700 ||| DROPPING scroll of blinking.
   932 | D:2      | Reached XP level 4. HP: 22/22 MP: 5/5
  1006 | D:2      | 1006 ||| FLEEEEING.
  1137 | D:2      | HP: 5/22 [giant cockroach (1)]
  1138 | D:2      | 1138 ||| DRINKING potion of heal wounds.
  1165 | D:2      | 1165 ||| FLEEEEING.
  1384 | D:2      | 1384 ||| READING scroll labelled CAFUANW GYUCH.
  1384 | D:2      | 1384 ||| ENCHANTING +0 shortbow.
  1385 | D:2      | 1385 ||| READING 2 scrolls labelled XIDWIYCINO.
  1385 | D:2      | 1385 ||| IDENTIFYING golden potion
  1386 | D:2      | 1386 ||| READING scroll of identify.
  1386 | D:2      | 1386 ||| IDENTIFYING emerald potion
  1387 | D:2      | 1387 ||| READING scroll labelled TASHAA OT FIWK.
  1388 | D:2      | 1388 ||| DROPPING potion of magic.
  1518 | D:3      | Reached XP level 5. HP: 17/26 MP: 6/6
  1622 | D:3      | Found a runed translucent door.
  1623 | D:3      | Noticed qw's ghost (amateur DEHu)
  1703 | D:3      | Noticed Natasha
  1713 | D:3      | Killed Natasha
  1750 | D:3      | Noticed Natasha
  1760 | D:3      | HP: 4/26 [Natasha (7)]
  1761 | D:3      | 1761 ||| DRINKING potion of heal wounds.
  1765 | D:3      | Killed Natasha
  1915 | D:3      | Noticed Natasha
  1917 | D:3      | 1917 ||| FLEEEEING.
  1918 | D:3      | 1918 ||| FLEEEEING.
  1919 | D:3      | 1919 ||| FLEEEEING.
  1920 | D:3      | 1920 ||| FLEEEEING.
  1922 | D:3      | 1922 ||| FLEEEEING.
  1923 | D:3      | 1923 ||| FLEEEEING.
  1938 | D:3      | HP: 5/26 [Natasha/magic dart (7)]
  1940 | D:3      | Killed Natasha
  2118 | D:3      | 2118 ||| UPGRADING to amulet of reflection.
  2123 | D:3      | 2123 ||| READING scroll labelled RIOLAST RIGU.
  2124 | D:3      | 2124 ||| READING scroll labelled CEPSAI GOOKHIPP.
  2125 | D:3      | 2125 ||| READING scroll labelled XECAYSK DIHE.
  2125 | D:3      | 2125 ||| ENCHANTING +0 shortbow.
  2127 | D:3      | 2127 ||| Stepping ~*~*~tactically~*~*~ (cloud).
  2247 | D:4      | Found a white marble altar of Elyvilon.
  2260 | D:4      | Reached skill level 6 in Ranged Weapons
  2456 | D:4      | Noticed Duvessa
  2456 | D:4      | Noticed Dowan
  2457 | D:4      | 2457 ||| ZAPPING wand of flame (18) at -5,-1 (Duvessa;
                  | floor).
  2458 | D:4      | 2458 ||| ZAPPING wand of flame (17) at -4,-1 (Duvessa;
                  | floor).
  2459 | D:4      | 2459 ||| ZAPPING wand of flame (16) at -3,-1 (Duvessa;
                  | floor).
  2460 | D:4      | 2460 ||| ZAPPING wand of flame (15) at -2,-1 (Duvessa;
                  | floor).
  2461 | D:4      | 2461 ||| ZAPPING wand of flame (14) at -1,-1 (Duvessa;
                  | floor).
  2462 | D:4      | 2462 ||| ZAPPING wand of flame (13) at 0,-1 (Duvessa;
                  | floor).
  2463 | D:4      | 2463 ||| ZAPPING wand of flame (12) at 0,-1 (Duvessa;
                  | floor).
  2464 | D:4      | 2464 ||| ZAPPING wand of flame (11) at 0,-1 (Duvessa;
                  | floor).
  2465 | D:4      | 2465 ||| RETREEEEATING.
  2466 | D:4      | 2466 ||| ZAPPING wand of flame (10) at 0,-1 (Duvessa;
                  | floor).
  2466 | D:4      | Killed Duvessa
  2467 | D:4      | Reached skill level 6 in Dodging
  2467 | D:4      | Reached XP level 6. HP: 10/30 MP: 7/7
  2468 | D:4      | HP: 7/30 [poisoned by Duvessa]
  2469 | D:4      | Slain by Dowan

Levels and vault maps discovered:
D:1:      shiori_arrival_whats_in_store_for_you, layout_basic,
          shapermc_ecumenical_altar_mp_urbaneastern,
          wander_ebering_terrifying_dragon_lair
D:2:      minmay_roachtagon, layout_basic, minmay_vboxes
D:3:      layout_basic, gammafunk_ghost_grave, uniq_natasha
D:4:      layout_loops_corners, elyvilon_altar_4,
          mainiacjoe_overflow_catch_the_wave, uniq_robin, uniq_duvessa

Skill      XL: |  1  2  3  4  5 |
---------------+----------------+-----
Dodging        | 3 4 5 6 |  6.4
Ranged Weapons | 5 6 |  6.0
Fighting       | 2 |  2.0
Stealth        | |  1.5

Action                     |  1- 3 |  4- 6 || total
---------------------------+-------+-------++-------
   Fire: Shortbow          |   120 |   156 ||   276
  Evoke: Wand              |       |     9 ||     9
    Use: Scroll            |     1 |     7 ||     8
         Potion            |     1 |     2 ||     3
 Armour: Robe              |     6 |    39 ||    45
  Dodge: Dodged            |    31 |   108 ||   139
  Block: Other             |       |     4 ||     4

Table legend:
 A = Non-vault XP
 B = Vault XP
 C = Vault XP percentage of total XP
 D = Non-vault monster count
 E = Vault monster count
 F = Vault count percentage of total count
                 A         B        C        D         E       F
            +---------+---------+-------+---------+---------+-------
      Total |     284 |     227 |  44.4 |      69 |      24 |  25.8
            +---------+---------+-------+---------+---------+-------
        D:1 |      46 |       1 |   2.1 |      26 |       1 |   3.7
        D:2 |      76 |      49 |  39.2 |      22 |      21 |  48.8
        D:3 |     116 |      35 |  23.2 |      15 |       1 |   6.2
        D:4 |      46 |     142 |  75.5 |       6 |       1 |  14.3
            +---------+---------+-------+---------+---------+-------
